 Dungeon Crawl Stone Soup version 0.31-a0-188-g5e087ee2ca (webtiles) character file.

Game seed: 12062606225271274524

652 qw the Skirmisher (level 7, -2/40 HPs)
             Began as a Deep Elf Hunter on June 22, 2023.
             Was an Initiate of Okawaru.
             Slain by a lemure (3 damage)
             ... led by Pikel
             ... on level 4 of the Dungeon.
             The game lasted 00:01:35 (2995 turns).

qw the Skirmisher (Deep Elf Hunter)                 Turns: 2995, Time: 00:01:35

Health: -2/40      AC:  6    Str: 10    XL:     7   Next: 28%
Magic:  9/9        EV: 11    Int: 14    God:    Okawaru [......]
Gold:   177        SH:  0    Dex: 18    Spells: 6/6 levels left

rFire   . . .        Y - +3 shortbow (drain)
rCold   . . .        (shield currently unavailable)
rNeg    . . .        b - +0 ring mail
rPois   +            (no helmet)
rElec   .            (no cloak)
rCorr   .            m - +0 pair of gloves
SInv    .            (no boots)
Will    .....        (no amulet)
Stlth   +            j - ring of poison resistance
HPRegen 0.26/turn    (no ring)
MPRegen 0.11/turn

%: no passive effects
@: no status effects
A: no striking features
a: Renounce Religion


You were on level 4 of the Dungeon.
You worshipped Okawaru.
Okawaru was noncommittal.
You visited 1 branch of the dungeon, and saw 5 of its levels.

You collected 177 gold pieces.


   Skills:
 - Level 2.6 Fighting
 + Level 10.5 Ranged Weapons
 - Level 1.5 Armour
 - Level 3.1 Dodging
 - Level 1.2 Stealth


You had 6 spell levels left.
You didn't know any spells.
Your spell library was empty.

Inventory:

Hand Weapons
 Y - a +3 shortbow of draining (weapon)
Armour
 b - a +0 ring mail (worn)
 m - a +0 pair of gloves (worn)
Jewellery
 j - a ring of poison resistance (left hand)
Scrolls
 f - a scroll of identify
Potions
 c - a potion of brilliance {unknown}
 d - 3 potions of curing
 e - a potion of might
 g - a potion of invisibility {unknown}
 h - a potion of resistance
 i - a potion of haste
 l - a potion of ambrosia {unknown}
 n - a potion of magic {unknown}

Dungeon Overview and Level Annotations

Branches:
Dungeon (5/15)             Temple (0/1) D:4

Altars:
Okawaru
Trog
Vehumet
The Shining One

Shops:
D:5 :

Annotations:
D:4 Pikel


Message History

Enter note:
2990 ||| STAIRDANCE You climb upwards.
Level annotation: Pikel Pikel shouts!
The lemure shouts! x2
Pikel closely misses you. The lemure hits you but does no damage.
Pikel barely misses you.
The lemure hits you! x2; The lemure hits you.
There is a stone staircase leading down here.
Enter note:
Enter note:
Enter note:
Enter note:
Enter note:
Enter note:
Enter note:
Enter note:
Enter note:
Enter note:
Enter note:
Enter note:
Enter note:
Enter note:
Enter note: You shoot an arrow.
The arrow closely misses Pikel.
Pikel hits you with a +2 whip of freezing.
Pikel freezes you. The lemure barely misses you.
The lemure hits you but does no damage. The lemure hits you.
You shoot an arrow. The arrow hits Pikel.
You drain Pikel.
Pikel is lightly wounded.
Pikel misses you. The lemure hits you. The lemure closely misses you. x2
The lemure hits you.
2994 ||| DRINKING potion of heal wounds.
You feel much better. Pikel misses you.
The lemure hits you! x2; The lemure hits you.
The lemure closely misses you.
You shoot an arrow.
The arrow hits Pikel but does no damage.
Pikel is lightly wounded.
Pikel closely misses you. The lemure hits you. x2
You die...

.......# #.........#.#.......
######## #...#..#..#.#[......
......# #...#.....#.#.......
......# ####...#####.#.#..####.
......# #....%..........#......
......# #..#####.###.#.........
......############## #..#.#......
..........#....5..# #..#.#.###.#
........[.#.5.#5@K# #..#........
#.........#....55.# ##.###.###.#
#)####....#############%##.......
#.####....# #..........#..###.#
#....#....# #..........#..# #..
.....#....# #..........#..# #.#
.....###### #..........#..###.#
......## ##'#########.......
###.#..# #.# #...##.#


You could see Pikel (drained) and 4 lemures.

Vanquished Creatures
  An ice beast (D:5)
  2 ogres
  A crimson imp (D:3)
  A jelly (D:5)
  4 iguanas
  2 orc wizards (D:5)
  A sleepcap (D:3)
  3 adders
  A worm (D:2)
  4 dart slugs
  9 orcs
  9 ball pythons
  6 endoplasms
  A giant cockroach (D:3)
  8 goblins
  5 hobgoblins
  8 jackals
  8 quokkas
  6 bats
  7 frilled lizards
  A goblin skeleton (D:3)
  6 hobgoblin zombies (D:3)
  9 kobolds
  2 kobold skeletons (D:3)
  An orc skeleton (D:3)
  2 orc zombies (D:3)
  6 rats
114 creatures vanquished.

Notes
Turn   | Place    | Note
-------+----------+-------------------------------------------
     0 | D:1      | qw the Deep Elf Hunter began the quest for the Orb.
     0 | D:1      | Reached XP level 1. HP: 12/12 MP: 3/3
     0 | D:1      | 0 ||| qw: Version: 0.3-a-9-g12657ce
     0 | D:1      | 0 ||| qw: Game counter: 3064
     0 | D:1      | 0 ||| qw: Always use a shield: true
     0 | D:1      | 0 ||| qw: God list: Okawaru
     0 | D:1      | 0 ||| qw: Allow faded altars: false
     0 | D:1      | 0 ||| qw: Do Orc after D:15 true
     0 | D:1      | 0 ||| qw: Do second Lair branch before Depths: true
     0 | D:1      | 0 ||| qw: Lair rune preference: random
     0 | D:1      | 0 ||| qw: Plans: Normal
     0 | D:1      | 0 ||| PLANNING D:1-11
   159 | D:1      | Reached XP level 2. HP: 16/16 MP: 4/4
   163 | D:1      | Reached skill level 6 in Ranged Weapons
   653 | D:1      | 653 ||| READING scroll labelled BIESUPS GECER.
   654 | D:1      | 654 ||| READING scroll labelled IMMASA CECUSE.
   655 | D:1      | 655 ||| READING scroll labelled EJO WILAYQIRI.
   656 | D:1      | 656 ||| READING scroll labelled VODERONIGY.
   657 | D:1      | 657 ||| DRINKING 2 white potions.
   658 | D:1      | 658 ||| DRINKING 2 smoky silvery potions.
   659 | D:1      | 659 ||| DROPPING scroll of butterflies.
   709 | D:2      | Reached XP level 3. HP: 20/20 MP: 5/5
   754 | D:2      | Reached skill level 7 in Ranged Weapons
   863 | D:2      | 863 ||| READING scroll of enchant weapon.
   863 | D:2      | 863 ||| ENCHANTING +1 shortbow.
  1271 | D:2      | 1271 ||| UPGRADING to +0 ring mail.
  1281 | D:2      | 1281 ||| DROPPING +0 leather armour.
  1282 | D:2      | 1282 ||| UPGRADING to ring of poison resistance.
  1283 | D:2      | 1283 ||| READING scroll labelled GOTADI NOAWKYU.
  1284 | D:2      | 1284 ||| READING 2 scrolls labelled FOALOLL MYOFRA.
  1312 | D:3      | Reached XP level 4. HP: 25/25 MP: 6/6
  1398 | D:3      | 1398 ||| FLEEEEING.
  1400 | D:3      | 1400 ||| FLEEEEING.
  1452 | D:3      | Found a bloodstained altar of Trog.
  1573 | D:3      | Found a glowing golden altar of the Shining One.
  1582 | D:3      | Reached skill level 8 in Ranged Weapons
  1614 | D:3      | 1614 ||| FLEEEEING.
  1641 | D:3      | 1641 ||| READING scroll of enchant weapon.
  1641 | D:3      | 1641 ||| ENCHANTING +2 shortbow.
  1671 | D:3      | Found a radiant altar of Vehumet.
  1739 | D:3      | Reached XP level 5. HP: 29/29 MP: 7/7
  1843 | D:3      | 1843 ||| UPGRADING to +0 pair of gloves.
  1848 | D:3      | 1848 ||| READING scroll labelled WAMMOA ROWKOHIR.
  1849 | D:3      | 1849 ||| READING scroll labelled FOXOFAU UPAIFUEST.
  1850 | D:3      | 1850 ||| DRINKING 2 fuming ruby potions.
  1851 | D:3      | 1851 ||| DRINKING 2 black potions.
  1852 | D:3      | 1852 ||| READING 2 scrolls of identify.
  1852 | D:3      | 1852 ||| IDENTIFYING yellow potion
  1853 | D:3      | 1853 ||| DROPPING potion of berserk rage.
  2027 | D:4      | Noticed a lemure
  2027 | D:4      | Noticed Pikel
  2027 | D:4      | Noticed a lemure
  2031 | D:4      | Found a staircase to the Ecumenical Temple.
  2031 | D:4      | Noticed a lemure
  2031 | D:4      | Noticed a lemure
  2032 | D:4      | 2032 ||| PLANNING TEMPLE
  2196 | D:4      | 2196 ||| FLEEEEING.
  2197 | D:4      | 2197 ||| FLEEEEING.
  2198 | D:4      | 2198 ||| FLEEEEING.
  2199 | D:4      | 2199 ||| FLEEEEING.
  2200 | D:4      | 2200 ||| FLEEEEING.
  2202 | D:4      | 2202 ||| FLEEEEING.
  2203 | D:4      | 2203 ||| FLEEEEING.
  2205 | D:4      | 2205 ||| FLEEEEING.
  2206 | D:4      | 2206 ||| FLEEEEING.
  2208 | D:4      | 2208 ||| FLEEEEING.
  2209 | D:4      | 2209 ||| FLEEEEING.
  2210 | D:4      | 2210 ||| FLEEEEING.
  2211 | D:4      | 2211 ||| FLEEEEING.
  2212 | D:4      | 2212 ||| FLEEEEING.
  2213 | D:4      | 2213 ||| FLEEEEING.
  2214 | D:4      | 2214 ||| FLEEEEING.
  2215 | D:4      | 2215 ||| FLEEEEING.
  2216 | D:4      | 2216 ||| FLEEEEING.
  2217 | D:4      | 2217 ||| FLEEEEING.
  2218 | D:4      | 2218 ||| FLEEEEING.
  2219 | D:4      | 2219 ||| FLEEEEING.
  2220 | D:4      | 2220 ||| FLEEEEING.
  2221 | D:4      | 2221 ||| FLEEEEING.
  2222 | D:4      | 2222 ||| FLEEEEING.
  2223 | D:4      | 2223 ||| FLEEEEING.
  2224 | D:4      | 2224 ||| FLEEEEING.
  2225 | D:4      | 2225 ||| FLEEEEING.
  2226 | D:4      | 2226 ||| FLEEEEING.
  2227 | D:4      | 2227 ||| FLEEEEING.
  2228 | D:4      | 2228 ||| FLEEEEING.
  2229 | D:4      | 2229 ||| FLEEEEING.
  2230 | D:4      | 2230 ||| FLEEEEING.
  2231 | D:4      | 2231 ||| FLEEEEING.
  2232 | D:4      | 2232 ||| FLEEEEING.
  2233 | D:4      | 2233 ||| FLEEEEING.
  2234 | D:4      | 2234 ||| FLEEEEING.
  2235 | D:4      | 2235 ||| FLEEEEING.
  2236 | D:4      | 2236 ||| FLEEEEING.
  2237 | D:4      | 2237 ||| FLEEEEING.
  2238 | D:4      | 2238 ||| FLEEEEING.
  2251 | D:4      | 2251 ||| FLEEEEING.
  2252 | D:4      | 2252 ||| FLEEEEING.
  2464 | D:4      | Reached skill level 9 in Ranged Weapons
  2495 | D:4      | Noticed an ogre
  2500 | D:4      | Killed an ogre
  2501 | D:4      | Reached XP level 6. HP: 36/36 MP: 8/8
  2645 | D:5      | Entered Level 5 of the Dungeon
  2656 | D:5      | Noticed an ice beast
  2663 | D:5      | Killed an ice beast
  2664 | D:5      | Reached skill level 10 in Ranged Weapons
  2727 | D:5      | 2727 ||| STAIRDANCE
  2788 | D:5      | Found an iron altar of Okawaru.
  2789 | D:5      | 2789 ||| PLANNING OKAWARU WORSHIP
  2796 | D:5      | Became a worshipper of Warmaster Okawaru
  2797 | D:5      | 2797 ||| PLANNING D:1-11
  2829 | D:5      | Reached skill level 3 in Dodging
  2834 | D:5      | Reached skill level 1 in Armour
  2834 | D:5      | Reached XP level 7. HP: 40/40 MP: 9/9
  2885 | D:5      | 2885 ||| FLEEEEING.
  2886 | D:5      | 2886 ||| FLEEEEING.
  2887 | D:5      | 2887 ||| FLEEEEING.
  2888 | D:5      | 2888 ||| FLEEEEING.
  2889 | D:5      | 2889 ||| FLEEEEING.
  2908 | D:5      | Found Tahykax's Book Shop.
  2985 | D:5      | 2985 ||| READING 2 scrolls of identify.
  2985 | D:5      | 2985 ||| IDENTIFYING fizzy yellow potion
  2990 | D:5      | 2990 ||| STAIRDANCE
  2993 | D:4      | HP: 9/40 [lemure[Pikel] (6)]
  2994 | D:4      | 2994 ||| DRINKING potion of heal wounds.
  2994 | D:4      | HP: 4/40 [lemure[Pikel] (6)]
  2995 | D:4      | HP: 1/40 [lemure[Pikel] (3)]
  2995 | D:4      | Slain by a lemure

Levels and vault maps discovered:
D:1:      scummos_arrival_checkerplants, layout_loops_cross
D:2:      layout_basic, uniq_crazy_yiuf_cottage
D:3:      layout_basic, nicolae_tso_besieged_by_evil,
          nicolae_vehumet_altar_sigil, trog_three_pillars_becter,
          chequers_decorated_corner
D:4:      layout_basic, minmay_temple_entry_from_below_a, uniq_pikel
D:5:      layout_cave_pools, gammafunk_temple_overflow_wave,
          kennysheep_okawaru_gauntlet, serial_shops, shop

Skill      XL: |  1  2  3  4  5  6 |
---------------+-------------------+-----
Ranged Weapons | 6 7 8 9 10 | 10.5
Fighting       | 2 |  2.6
Dodging        | 3 |  3.1
Armour         | 1 |  1.5
Stealth        | |  1.2

Action                     |  1- 3 |  4- 6 |  7- 9 || total
---------------------------+-------+-------+-------++-------
   Fire: Shortbow          |   114 |   147 |    31 ||   292
    Use: Scroll            |     7 |     4 |     1 ||    12
         Potion            |     2 |     2 |     1 ||     5
 Armour: Leather armour    |     9 |       |       ||     9
         Ring mail         |       |     8 |     6 ||    14
  Dodge: Dodged            |    18 |    22 |    13 ||    53

Table legend:
 A = Non-vault XP
 B = Vault XP
 C = Vault XP percentage of total XP
 D = Non-vault monster count
 E = Vault monster count
 F = Vault count percentage of total count
                 A         B        C        D         E       F
            +---------+---------+-------+---------+---------+-------
      Total |     866 |      66 |   7.1 |      99 |      15 |  13.2
            +---------+---------+-------+---------+---------+-------
        D:1 |      34 |       0 |   0.0 |      23 |       0 |   0.0
        D:2 |      62 |       0 |   0.0 |      22 |       0 |   0.0
        D:3 |      74 |      62 |  45.6 |      22 |      13 |  37.1
        D:4 |     194 |       0 |   0.0 |      17 |       0 |   0.0
        D:5 |     502 |       4 |   0.8 |      15 |       2 |  11.8
            +---------+---------+-------+---------+---------+-------
